[Event "Titled Tuesday Blitz June 28 Early 2022"]
[White "Martinez, Shawn"]
[Black "Aldokhin, Ivan"]
[WhiteFideId "2039770"]
[BlackFideId "24115720"]
[WhiteElo "2174"]
[BlackElo "2231"]
[Result "0-1"]
[Round "05"]
[TimeControl "180+1"]
[Date "2022.06.28"]
[WhiteClock "0:00:02"]
[BlackClock "0:00:02"]

1. e4 c5 2. Nc3 e6 3. Nge2 Nc6 4. g3 Nf6 5. Bg2 d6 6. O-O Be7 7. b3 O-O 8. Bb2 e5 9. f4 Nd4 10. d3 Be6 11. h3 h5 12. f5 Bd7 13. Nxd4 cxd4 14. Ne2 Rc8 15. c3 dxc3 16. Bxc3 Bb5 17. Bf3 Qb6+ 18. Kg2 Qe3 19. Re1 Qxd3 20. Rc1 Nxe4 21. Qxd3 Bxd3 22. Bb4 Ng5 23. Bxh5 Be4+ 24. Kf2 Nxh3+ 25. Ke3 Bxf5 26. g4 Be6 27. Rxc8 Rxc8 28. Ng3 g6 29. Rh1 Nf4 30. Ne4 Nd5+ 31. Kf3 Nxb4 32. g5 gxh5 33. Rxh5 Bd5 34. Ke3 Rc1 35. Nf6+ Bxf6 36. gxf6 Rc3+ 37. Kd2 Rg3 38. Rh4 Nc6 39. Ra4 a6 40. b4 Nd4 41. Ra5 Be4 42. a4 Rd3+ 43. Ke1 Re3+ 44. Kf2 Re2+ 45. Kg3 Rg2+ 46. Kh4 Kh7 47. b5 axb5 48. axb5 Kg6 49. Ra3 Kxf6 50. b6 Rg6 0-1


[Site "https://www.chess.com"]

[Event "Titled Tuesday Blitz June 28 Early 2022"]
[White "Matveeva, Olga"]
[Black "Coto Mederos, Michel"]
[WhiteFideId "24107018"]
[BlackFideId "3508528"]
[WhiteElo "2052"]
[BlackElo "2427"]
[Result "0-1"]
[Round "05"]
[TimeControl "180+1"]
[Date "2022.06.28"]
[WhiteClock "0:00:10"]
[BlackClock "0:00:14"]

1. d4 d5 2. c4 e6 3. Nf3 Nf6 4. g3 Bb4+ 5. Bd2 Be7 6. Bg2 O-O 7. O-O Nbd7 8. Qc2 Ne4 9. Bf4 c6 10. Nc3 g5 11. Bc1 Nd6 12. cxd5 exd5 13. Ne5 f6 14. Nd3 Re8 15. e4 dxe4 16. Nxe4 Nf8 17. Ndc5 Bf5 18. Qb3+ Kh8 19. Nxd6 Qxd6 20. Nxb7 Qxd4 21. Rd1 Qe5 22. Bxc6 Bh3 23. Be3 Rec8 24. Bh1 Rc7 25. Rac1 Rac8 26. Rxc7 Rxc7 27. Qf7 Bc5 28. Qh5 Bxe3 29. Qxh3 Bxf2+ 30. Kf1 Rc2 31. Na5 Qe2+ 32. Kg2 Qe4+ 0-1


[Site "https://www.chess.com"]

[Event "Titled Tuesday Blitz June 28 Early 2022"]
[White "Melikhov, Evgeny V."]
[Black "Zubritskiy, Artyom"]
[WhiteFideId "4122046"]
[BlackFideId "4181247"]
[WhiteElo "1904"]
[BlackElo "2478"]
[Result "0-1"]
[Round "05"]
[TimeControl "180+1"]
[Date "2022.06.28"]
[WhiteClock "0:00:09"]
[BlackClock "0:00:51"]

1. d4 f5 2. e4 fxe4 3. Nc3 Nf6 4. Bg5 Nc6 5. d5 Ne5 6. Qe2 c6 7. Bxf6 exf6 8. Qxe4 Qb6 9. O-O-O Kd8 10. Nf3 Nxf3 11. Qxf3 Kc7 12. Bd3 Bd6 13. Rhe1 Be5 14. Rxe5 fxe5 15. Qf7 Qb4 16. Be4 Qf8 17. Qh5 d6 18. Qe2 Bd7 19. Qc4 c5 20. f3 a6 21. a4 b6 22. g4 Qe8 23. h4 b5 24. Qf1 b4 25. Ne2 Bxa4 26. Ng3 Bb5 27. Qg2 g6 28. h5 Qf7 29. hxg6 hxg6 30. Qd2 Qf4 31. Qxf4 exf4 32. Bxg6 fxg3 0-1


[Site "https://www.chess.com"]

[Event "Titled Tuesday Blitz June 28 Early 2022"]
[White "Mendez Fortes, Eduardo Jesus"]
[Black "Navarrete Mendez, Gonzalo Alberto"]
[WhiteFideId "3502376"]
[BlackFideId "5106850"]
[WhiteElo "2321"]
[BlackElo "2261"]
[Result "0-1"]
[Round "05"]
[TimeControl "180+1"]
[Date "2022.06.28"]
[WhiteClock "0:00:11"]
[BlackClock "0:00:23"]

1. e4 e5 2. Nf3 Nc6 3. Bb5 a6 4. Ba4 d6 5. c3 f5 6. exf5 Bxf5 7. d4 e4 8. Ng5 Be7 9. Nh3 d5 10. Nf4 Nf6 11. h3 Qd6 12. Bb3 O-O-O 13. g4 Bg6 14. g5 e3 15. Bxe3 Ne4 16. Nxd5 Rhf8 17. Qg4+ Bf5 18. Nxe7+ Qxe7 19. Qg2 Nxf2 20. Qxf2 Be4 21. Qg3 Bxh1 22. Nd2 Rf3 23. Nxf3 Qxe3+ 24. Kf1 Rf8 25. Qg4+ Kb8 26. Bd5 Bxf3 27. Bxf3 Rxf3+ 28. Kg2 Rf2+ 29. Kh1 Ne7 30. g6 Nxg6 31. d5 Nf4 32. d6 Qe4+ 33. Kg1 Rg2+ 0-1


[Site "https://www.chess.com"]

[Event "Titled Tuesday Blitz June 28 Early 2022"]
[White "Mickiewicz, Piotr"]
[Black "Domingo Nunez, Ruben"]
[WhiteFideId "1114891"]
[BlackFideId "22245570"]
[WhiteElo "2209"]
[BlackElo "2376"]
[Result "0-1"]
[Round "05"]
[TimeControl "180+1"]
[Date "2022.06.28"]
[WhiteClock "0:00:01"]
[BlackClock "0:00:26"]

1. e4 Nc6 2. Nf3 d5 3. exd5 Qxd5 4. Nc3 Qa5 5. Bb5 Bd7 6. d4 O-O-O 7. O-O a6 8. Bxc6 Bxc6 9. Ne5 Be8 10. Rb1 f6 11. Nc4 Qh5 12. Qd3 Bg6 13. Qd2 e5 14. d5 Nh6 15. b4 Qg4 16. Ne3 Qd4 17. Qe1 Bxb4 18. Bd2 Nf5 19. Rb3 Nxe3 20. fxe3 Qc4 21. Qb1 Bxc3 22. Bxc3 Qxd5 23. a4 Be4 24. g3 Qc5 25. Be1 Bxc2 26. Qc1 Rd1 0-1


[Site "https://www.chess.com"]

[Event "Titled Tuesday Blitz June 28 Early 2022"]
[White "Mitrovic, Darko R"]
[Black "Gallegos Diaz, Carlos Alberto"]
[WhiteFideId "927023"]
[BlackFideId "3900886"]
[WhiteElo "2150"]
[BlackElo "2362"]
[Result "1-0"]
[Round "05"]
[TimeControl "180+1"]
[Date "2022.06.28"]
[WhiteClock "0:00:09"]
[BlackClock "0:00:02"]

1. d4 Nf6 2. c4 d6 3. Nc3 e5 4. dxe5 dxe5 5. Qxd8+ Kxd8 6. Nf3 Nbd7 7. g3 c6 8. Bg2 h6 9. O-O Kc7 10. Nd2 Bb4 11. Nde4 Re8 12. a3 Bf8 13. b4 a5 14. b5 Nxe4 15. Nxe4 f5 16. Nc3 Nc5 17. Rb1 Be6 18. Be3 Bxc4 19. Rfc1 Nb3 20. Rc2 a4 21. bxc6 bxc6 22. Nd5+ Bxd5 23. Bxd5 Ra6 24. Bxb3 axb3 25. Rxb3 Bxa3 26. Rcc3 Bd6 27. Rc1 Rea8 28. Kg2 Ra3 29. Rb2 R8a6 30. Rcb1 Kd7 31. Rb7+ Ke6 32. Rxg7 f4 33. gxf4 exf4 34. Bd4 Ra2 35. Rbb7 Rxe2 36. Rg8 Kd5 37. Rd7 c5 38. Bc3 1-0


[Site "https://www.chess.com"]

[Event "Titled Tuesday Blitz June 28 Early 2022"]
[White "Mogirzan, Matei-Valeriu"]
[Black "Karavade, Eesha"]
[WhiteFideId "1257455"]
[BlackFideId "5012600"]
[WhiteElo "1733"]
[BlackElo "2258"]
[Result "0-1"]
[Round "05"]
[TimeControl "180+1"]
[Date "2022.06.28"]
[WhiteClock "0:00:02"]
[BlackClock "0:00:18"]

1. e4 c5 2. Nf3 d6 3. d4 cxd4 4. Nxd4 Nf6 5. Nc3 a6 6. Bc4 e6 7. Be3 Be7 8. Qe2 b5 9. Bb3 Qc7 10. a3 Nc6 11. g4 Nxd4 12. Bxd4 e5 13. Be3 Bxg4 14. f3 Be6 15. Bg5 Rc8 16. O-O-O O-O 17. Bxf6 Bxf6 18. Nd5 Bxd5 19. Bxd5 a5 20. Qd3 Qc5 21. Rhg1 h6 22. Rg4 Kh8 23. Rdg1 Rb8 24. f4 b4 25. a4 b3 26. c3 exf4 27. e5 Bxe5 28. Qe4 Qe3+ 29. Qxe3 fxe3 30. Re4 f5 31. Rxe3 f4 32. Rf3 g5 33. h4 Bf6 34. hxg5 hxg5 35. Rg4 Rfe8 36. c4 Re1+ 37. Kd2 Rbe8 38. Rh3+ Kg7 39. Rh2 R8e3 40. Rhg2 Rb1 41. Rxf4 Ree1 42. Rxf6 Kxf6 43. Kc3 Re3+ 44. Kd4 Rh3 45. Rf2+ Kg7 46. Rg2 Rd1+ 47. Ke4 Kh6 48. Be6 Rh4+ 49. Kf5 Rf1+ 0-1


[Site "https://www.chess.com"]

[Event "Titled Tuesday Blitz June 28 Early 2022"]
[White "Molina, Roberto Junio Brito"]
[Black "Narayanan.S.L"]
[WhiteFideId "2109450"]
[BlackFideId "5058422"]
[WhiteElo "2432"]
[BlackElo "2494"]
[Result "0-1"]
[Round "05"]
[TimeControl "180+1"]
[Date "2022.06.28"]
[WhiteClock "0:00:02"]
[BlackClock "0:00:43"]

1. d4 Nf6 2. c4 g6 3. Nc3 Bg7 4. e4 d6 5. Nf3 O-O 6. Be2 e5 7. O-O Nc6 8. d5 Ne7 9. b4 Nh5 10. Re1 Nf4 11. Bf1 Bg4 12. h3 Bd7 13. Bxf4 exf4 14. Rc1 h6 15. e5 g5 16. c5 Ng6 17. e6 Be8 18. Bb5 Bxc3 19. Bxe8 Bxe1 20. Bxf7+ Rxf7 21. exf7+ Kxf7 22. Qxe1 Qd7 23. cxd6 cxd6 24. Qc3 Re8 25. Nd4 Re5 26. Qc7 Qxc7 27. Rxc7+ Kf6 28. Rxb7 Rxd5 29. Nb3 Ne5 30. Rxa7 Rd1+ 31. Kh2 Nd3 32. g3 f3 33. g4 Ne5 34. b5 Rf1 35. b6 Rxf2+ 36. Kg1 Rg2+ 37. Kf1 Nd3 38. b7 Rb2 39. Nd2 Rxd2 0-1


[Site "https://www.chess.com"]

[Event "Titled Tuesday Blitz June 28 Early 2022"]
[White "Mosutha, Thuso"]
[Black "Hoffmann, Asa"]
[WhiteFideId "11302550"]
[BlackFideId "2001470"]
[WhiteElo "2028"]
[BlackElo "2117"]
[Result "0-1"]
[Round "05"]
[TimeControl "180+1"]
[Date "2022.06.28"]
[WhiteClock "0:01:36"]
[BlackClock "0:01:37"]

1. e4 d6 2. d4 Nf6 3. Nc3 c6 4. f3 Nbd7 5. Be3 e5 6. Qd2 Qc7 7. O-O-O b5 8. dxe5 dxe5 9. f4 a6 10. fxe5 Nxe5 11. Nf3 Nfd7 12. Nxe5 Nxe5 13. Bf4 f6 14. Bxe5 fxe5 15. Be2 Be7 16. Rhf1 Be6 17. Bh5+ g6 18. Qh6 Rg8 19. Qxh7 Bg5+ 20. Kb1 Qxh7 0-1


[Site "https://www.chess.com"]

[Event "Titled Tuesday Blitz June 28 Early 2022"]
[White "Moussard, Jules"]
[Black "Jaracz, Pawel"]
[WhiteFideId "642908"]
[BlackFideId "1102222"]
[WhiteElo "2589"]
[BlackElo "2459"]
[Result "0-1"]
[Round "05"]
[TimeControl "180+1"]
[Date "2022.06.28"]
[WhiteClock "0:01:40"]
[BlackClock "0:00:18"]

1. e4 c5 2. Nf3 e6 3. b3 a6 4. c4 Nc6 5. Bb2 Qc7 6. g3 Nf6 7. e5 Ng4 8. Bg2 Ngxe5 9. Nxe5 Nxe5 10. O-O Nc6 11. Re1 Nd4 12. Nc3 Be7 13. Qg4 g6 14. Nd5 exd5 15. Rxe7+ Kxe7 16. Qg5+ Kf8 17. Re1 Kg7 18. Bxd5 h6 19. Qe7 Rf8 20. b4 Qb6 21. Qxc5 Qxc5 22. bxc5 a5 23. Bxd4+ Kg8 24. Re7 Ra6 25. a4 d6 26. cxd6 Rxd6 27. Bc5 Rd7 28. Rxd7 Bxd7 29. Bxf8 Kxf8 30. Bxb7 Bxa4 31. c5 Ke7 32. d4 Bb3 33. d5 a4 34. d6+ Kd7 35. Ba6 a3 36. Bb5+ Ke6 37. d7 Ke7 38. c6 Kd8 0-1


[Site "https://www.chess.com"]

[Event "Titled Tuesday Blitz June 28 Early 2022"]
[White "Mrudul Dehankar"]
[Black "Buscar, Michael"]
[WhiteFideId "25096990"]
[BlackFideId "2603616"]
[WhiteElo "1766"]
[BlackElo "2010"]
[Result "1-0"]
[Round "05"]
[TimeControl "180+1"]
[Date "2022.06.28"]
[WhiteClock "0:00:04"]
[BlackClock "0:00:09"]

1. e4 c5 2. Nf3 Nc6 3. d4 cxd4 4. Nxd4 Nf6 5. Nc3 e5 6. Ndb5 h6 7. Nd6+ Bxd6 8. Qxd6 Qe7 9. Qd1 O-O 10. Be3 Rd8 11. Be2 d5 12. Nxd5 Nxd5 13. exd5 Qb4+ 14. Bd2 Qxb2 15. dxc6 Rxd2 16. Kxd2 Bf5 17. Ke1 Qc3+ 18. Kf1 Qxc6 19. Bd3 Rd8 20. Qf3 Qc3 21. Re1 Be6 22. Qe4 f6 23. Qh7+ Kf8 24. h3 Bg8 25. Qe4 Bd5 26. Qe3 Bxa2 27. Kg1 a5 28. Kh2 Bd5 29. Be4 Qc6 30. Qa3+ Kg8 31. Bxd5+ Rxd5 32. Qb3 Kh7 33. Re3 a4 34. Qc3 Qd6 35. Qc4 b5 36. Qe4+ Kh8 37. Rd3 Rd4 38. Rxd4 exd4+ 39. g3 a3 40. Kg2 a2 41. Rd1 Qc5 42. Qe8+ Kh7 43. Qe4+ f5 44. Qd3 Kg6 45. Kg1 Qd5 46. Qb3 Qf3 47. Qxf3 1-0


[Site "https://www.chess.com"]

[Event "Titled Tuesday Blitz June 28 Early 2022"]
[White "Namitbir Singh Walia"]
[Black "Bagrationi, Alexander"]
[WhiteFideId "35071068"]
[BlackFideId "14104954"]
[WhiteElo "1565"]
[BlackElo "2398"]
[Result "1-0"]
[Round "05"]
[TimeControl "180+1"]
[Date "2022.06.28"]
[WhiteClock "0:00:06"]
[BlackClock "0:01:04"]

1. c4 e5 2. g3 f5 3. Nc3 Nf6 4. Nf3 d6 5. d4 e4 6. Nh4 Be7 7. Ng2 c6 8. Bg5 O-O 9. Nf4 e3 10. f3 h6 11. Bxf6 Bxf6 12. Qd3 Qe8 13. h4 Na6 14. a3 g5 15. hxg5 hxg5 16. Ng2 c5 17. d5 Bd4 18. O-O-O Nc7 19. Rh6 Bd7 20. f4 b5 21. fxg5 bxc4 22. Qc2 Qe5 23. Nf4 Be8 24. Bg2 Kf7 25. Rdh1 Ke7 26. Ne6 Nxe6 27. Rxe6+ Qxe6 28. dxe6 Rb8 29. Nd5+ Kxe6 30. Nc7+ Kd7 31. Rh7+ Kc8 32. Na6 Rxb2 33. Rc7+ Kd8 34. Qxb2 Bxb2+ 35. Kxb2 Rf7 36. Rxf7 Bxf7 37. Kc3 d5 38. Nxc5 Ke7 39. Kd4 Kd6 40. Na4 Be8 41. Nc3 Bd7 42. Bxd5 f4 43. gxf4 Bg4 44. Bxc4 Bf5 45. Kxe3 Be6 46. Kd4 Bf5 47. Ne4+ Bxe4 48. Kxe4 Kc5 49. Bd3 1-0


[Site "https://www.chess.com"]

[Event "Titled Tuesday Blitz June 28 Early 2022"]
[White "Nenezic, Marko"]
[Black "Weishaeutel, Moritz"]
[WhiteFideId "912123"]
[BlackFideId "12967300"]
[WhiteElo "2432"]
[BlackElo "2002"]
[Result "1-0"]
[Round "05"]
[TimeControl "180+1"]
[Date "2022.06.28"]
[WhiteClock "0:00:32"]
[BlackClock "0:00:01"]

1. d4 Nf6 2. c4 c5 3. d5 b5 4. cxb5 a6 5. bxa6 g6 6. Nc3 Bg7 7. g3 d6 8. Bg2 Qa5 9. Bd2 Nxa6 10. Nf3 O-O 11. O-O Qb6 12. b3 Nc7 13. e4 e6 14. dxe6 fxe6 15. e5 Nfd5 16. Na4 Qc6 17. exd6 Qxd6 18. Rc1 Bd7 19. Nxc5 Rxa2 20. Bf4 Rxf4 21. gxf4 Bb5 22. Re1 Qb6 23. Rxe6 Qa7 24. Ng5 Ra1 25. Rxa1 Qxa1 26. Qxa1 Bxa1 27. Rd6 Nxf4 28. Bf1 Bxf1 29. Kxf1 Nb5 30. Rd7 h6 31. Nf7 Bg7 32. Nd6 Nd4 33. Rd8+ Kh7 34. b4 g5 35. b5 Be5 36. b6 Nd5 37. b7 Nc6 38. Rc8 Nde7 39. Nf7 Bb8 40. Nd7 Ba7 41. Ra8 Kg7 42. Nfe5 Nxe5 43. Nxe5 Nc6 44. Nxc6 1-0


[Site "https://www.chess.com"]

[Event "Titled Tuesday Blitz June 28 Early 2022"]
[White "Nguyen, Quoc Hy"]
[Black "Silva Lucena, Cristian"]
[WhiteFideId "12410853"]
[BlackFideId "2232588"]
[WhiteElo "1938"]
[BlackElo "2223"]
[Result "1-0"]
[Round "05"]
[TimeControl "180+1"]
[Date "2022.06.28"]
[WhiteClock "0:01:57"]
[BlackClock "0:01:15"]

1. d4 Nf6 2. c4 g6 3. Nc3 Bg7 4. e4 d6 5. Nge2 O-O 6. Ng3 h5 7. Bg5 Qe8 8. Qd2 e5 9. d5 a5 10. Bd3 Na6 11. Bh6 Nc5 12. Bc2 Bd7 13. O-O-O b5 14. cxb5 Bxb5 15. Bxg7 Kxg7 16. f4 exf4 17. Qxf4 Ng4 18. Nf5+ gxf5 19. Qg5+ Kh7 20. Qxf5+ Kh6 21. e5 Qxe5 22. Qh7+ Kg5 23. h4+ Kf4 24. Nxb5 Qe3+ 25. Kb1 f5 26. Rhf1+ Kg3 27. Rf3+ 1-0


[Site "https://www.chess.com"]

[Event "Titled Tuesday Blitz June 28 Early 2022"]
[White "Pirvulescu, Ekaterina"]
[Black "Fernandez Siles, Luis"]
[WhiteFideId "13506374"]
[BlackFideId "2209420"]
[WhiteElo "1740"]
[BlackElo "2211"]
[Result "0-1"]
[Round "05"]
[TimeControl "180+1"]
[Date "2022.06.28"]
[WhiteClock "0:00:01"]
[BlackClock "0:00:51"]

1. e4 c5 2. Nc3 Nc6 3. f4 g6 4. Nf3 Bg7 5. Bb5 Nd4 6. O-O Nxb5 7. Nxb5 a6 8. Nc3 d6 9. d3 Nf6 10. Qe1 O-O 11. Qh4 e6 12. f5 Nd7 13. Qh3 exf5 14. Bh6 Nf6 15. Ng5 Nh5 16. Bxg7 Kxg7 17. Qh4 h6 18. Nf3 Qxh4 19. Nxh4 f4 20. Nf3 g5 21. Rae1 Bg4 22. Nd5 Nf6 23. Nxf6 Kxf6 24. h3 Bxf3 25. gxf3 Kg6 26. Kh2 Rae8 27. b3 f5 28. exf5+ Kxf5 29. Kg2 d5 30. Kf2 Re5 31. Rxe5+ Kxe5 32. Re1+ Kd4 33. Re7 Kc3 34. Rxb7 Kxc2 35. Rc7 Kxd3 36. Rxc5 d4 0-1


[Site "https://www.chess.com"]

[Event "Titled Tuesday Blitz June 28 Early 2022"]
[White "Nilsson, Joakim"]
[Black "Marin Ramirez, Gerardo"]
[WhiteFideId "1723383"]
[BlackFideId "3901068"]
[WhiteElo "2210"]
[BlackElo "1920"]
[Result "1-0"]
[Round "05"]
[TimeControl "180+1"]
[Date "2022.06.28"]
[WhiteClock "0:01:02"]
[BlackClock "0:00:43"]

1. d4 d5 2. Bf4 c6 3. e3 Nf6 4. Nf3 Qb6 5. Nbd2 Bg4 6. Bd3 Nbd7 7. h3 Bh5 8. g4 Bg6 9. Ne5 Bxd3 10. cxd3 Nxe5 11. dxe5 Nd7 12. O-O e6 13. d4 Be7 14. a3 O-O 15. b4 f6 16. exf6 Bxf6 17. Nb3 e5 18. dxe5 Bxe5 19. Bxe5 Nxe5 20. Kg2 Qd8 21. Nd4 Qe7 22. Qc2 Nc4 23. Nf5 Qe5 24. Rad1 g6 25. Nd4 Nd6 26. Nf3 Qe7 27. Rd4 Ne4 28. Nd2 Nd6 29. a4 a6 30. Rf4 Rxf4 31. exf4 Rf8 32. Nf3 Rxf4 33. Re1 Ne4 34. Re3 Qf6 35. Qe2 h5 36. g5 Nxg5 37. Re8+ Kg7 38. Re7+ Kh6 39. Ne5 Rxf2+ 40. Qxf2 Qxe7 41. Qf4 Kg7 42. h4 Ne4 43. Nf3 1-0


[Site "https://www.chess.com"]

[Event "Titled Tuesday Blitz June 28 Early 2022"]
[White "Nunez V, Gustavo Eduardo"]
[Black "Pourkashiyan, Atousa"]
[WhiteFideId "4403690"]
[BlackFideId "12502014"]
[WhiteElo "2228"]
[BlackElo "2247"]
[Result "0-1"]
[Round "05"]
[TimeControl "180+1"]
[Date "2022.06.28"]
[WhiteClock "0:00:05"]
[BlackClock "0:00:10"]

1. e4 c5 2. Nc3 e6 3. g3 a6 4. a4 Nc6 5. Bg2 Qc7 6. d3 Nf6 7. Nge2 Be7 8. O-O O-O 9. f4 d6 10. h3 Rb8 11. g4 b5 12. axb5 axb5 13. Ng3 b4 14. Nce2 d5 15. g5 Nd7 16. exd5 exd5 17. Bxd5 Nb6 18. Bg2 Nd4 19. Be3 Rd8 20. f5 Nxe2+ 21. Nxe2 Bd6 22. Qe1 Re8 23. Qf2 Bb7 24. Nf4 Bxg2 25. Nxg2 Nd5 26. Bd2 Be5 27. Qf3 Rbd8 28. Rab1 c4 29. h4 cxd3 30. cxd3 b3 31. h5 Qc2 32. Rbd1 Bxb2 33. g6 Bd4+ 34. Kh1 b2 35. Bg5 f6 36. gxh7+ Kxh7 37. Bf4 Qe2 38. Qh3 Nc3 39. h6 Rg8 40. hxg7+ Kxg7 41. Qh6+ Kf7 42. Qh7+ Rg7 43. Qxg7+ Kxg7 44. Rde1 Qxe1 45. Rxe1 Rh8+ 46. Bh2 b1=Q 47. Rxb1 Nxb1 48. Nf4 Be5 49. Kg2 Rxh2+ 50. Kxh2 Bxf4+ 51. Kg2 Kh6 52. Kf3 Kg5 53. Ke4 Nd2+ 54. Kd5 Kxf5 55. d4 Ne4 56. Kc6 Nd6 57. Kd5 Kg6 58. Ke6 Bh2 59. d5 f5 60. Kd7 Nc4 61. Kc6 f4 62. Kc5 Ne5 63. d6 f3 64. Kd5 f2 65. d7 Nxd7 66. Ke6 f1=Q 67. Kxd7 Qf6 68. Kc8 Qg7 69. Kd8 Kf6 70. Ke8 Qe7# 0-1


[Site "https://www.chess.com"]

[Event "Titled Tuesday Blitz June 28 Early 2022"]
[White "Odegov, Artem"]
[Black "Balint, Vilmos"]
[WhiteFideId "34183644"]
[BlackFideId "718050"]
[WhiteElo "2286"]
[BlackElo "2059"]
[Result "1-0"]
[Round "05"]
[TimeControl "180+1"]
[Date "2022.06.28"]
[WhiteClock "0:01:32"]
[BlackClock "0:02:36"]

1. d4 f5 2. h3 Nf6 3. g4 fxg4 4. hxg4 Nxg4 5. Qd3 Nh6 6. Nf3 d6 7. Bxh6 gxh6 8. Qb5+ c6 9. Qh5+ Kd7 10. Nc3 Qe8 11. Bh3+ Kd8 12. Qxe8+ Kxe8 13. Bxc8 1-0


[Site "https://www.chess.com"]

[Event "Titled Tuesday Blitz June 28 Early 2022"]
[White "OKEKE, Isaac Chukwudalu"]
[Black "Thorhallsson, Simon"]
[WhiteFideId "8508526"]
[BlackFideId "2310090"]
[WhiteElo "2102"]
[BlackElo "2137"]
[Result "0-1"]
[Round "05"]
[TimeControl "180+1"]
[Date "2022.06.28"]
[WhiteClock "0:00:08"]
[BlackClock "0:00:17"]

1. e4 d5 2. exd5 Qxd5 3. d4 Nf6 4. Nc3 Qd6 5. Nf3 c6 6. Bc4 Bg4 7. Be3 e6 8. h3 Bxf3 9. Qxf3 Be7 10. a3 O-O 11. Rg1 b5 12. Bd3 b4 13. Ne4 Nxe4 14. Qxe4 g6 15. Bf4 Qd8 16. axb4 Bxb4+ 17. c3 Be7 18. Ke2 Qb6 19. Rgb1 Nd7 20. Qf3 a5 21. Kf1 Rfd8 22. Bc4 a4 23. Qg3 Rdc8 24. h4 Qa5 25. Qf3 Bxh4 26. g3 Bf6 27. Kg2 Bg7 28. Rh1 h5 29. Qe3 Nf6 30. Bg5 Ng4 31. Qd2 Bf6 32. Bxf6 Nxf6 33. Qf4 Kg7 34. Rh4 g5 35. Qe5 gxh4 36. Qe2 Qg5 37. Rg1 hxg3 38. Kf1 h4 39. fxg3 hxg3 40. Qf3 Qf5 41. Rxg3+ Kf8 42. Qxf5 exf5 43. Rf3 a3 44. bxa3 Rxa3 45. Rxf5 Rxc3 46. Ba2 Ke7 47. Re5+ Kd6 48. Rf5 Rc1+ 49. Ke2 Rc2+ 50. Ke3 Ng4+ 51. Kf4 Rxa2 52. Kxg4 Rg8+ 53. Kf4 Rf2+ 0-1


[Site "https://www.chess.com"]

[Event "Titled Tuesday Blitz June 28 Early 2022"]
[White "Omariev, Maksim"]
[Black "Ortega Ruiz, Jose Miguel"]
[WhiteFideId "4193423"]
[BlackFideId "2209713"]
[WhiteElo "2474"]
[BlackElo "2292"]
[Result "1-0"]
[Round "05"]
[TimeControl "180+1"]
[Date "2022.06.28"]
[WhiteClock "0:00:06"]
[BlackClock "0:00:35"]

1. g4 c6 2. Bg2 d5 3. h3 h5 4. g5 e5 5. d4 exd4 6. Qxd4 Ne7 7. e4 dxe4 8. Qxd8+ Kxd8 9. Nc3 Bf5 10. Bf4 Ng6 11. O-O-O+ Kc8 12. Be3 Bb4 13. Nxe4 Nh4 14. Ng3 Bg6 15. Be4 Nd7 16. N1e2 Re8 17. Bxg6 Nxg6 18. Nxh5 Bc5 19. Bxc5 Nxc5 20. Neg3 Ne6 21. h4 Kc7 22. Nf5 Rh8 23. Nfxg7 Nxg7 24. Nxg7 Nxh4 25. Rd4 Nf3 26. Rdd1 Rhg8 27. Nh5 Rxg5 28. Nf6 Rf5 29. Rd7+ Kb6 30. Ne4 Re8 31. Nd6 Rd5 32. c4 Rxd6 33. Rxd6 Re7 34. b4 a5 35. a3 Ne5 36. Rh4 f5 37. Kc2 Rf7 38. Rhd4 axb4 39. axb4 Ng4 40. f3 Ne3+ 41. Kd3 f4 42. Re4 Kc7 43. Rdd4 Ng2 44. Re2 Nh4 45. Rf2 Ng6 46. Rg2 Ne5+ 47. Ke4 Nd7 48. Rg4 Nf6+ 49. Kxf4 Nxg4+ 50. Kxg4 b6 51. f4 Rg7+ 52. Kf5 Rg1 53. Kf6 c5 54. bxc5 bxc5 55. Rd5 Rg4 56. Rxc5+ Kd6 57. Rd5+ Kc6 58. Rf5 Kd6 59. Kf7 Kd7 60. c5 Rg1 61. Rf6 Rb1 62. c6+ Kd8 63. f5 Rb6 64. Re6 Rb8 65. Re8+ Kc7 66. Rxb8 Kd6 67. c7 1-0


[Site "https://www.chess.com"]

[Event "Titled Tuesday Blitz June 28 Early 2022"]
[White "Onslow, Alfie"]
[Black "Hartikainen, Jarmo"]
[WhiteFideId "436976"]
[BlackFideId "503134"]
[WhiteElo "1885"]
[BlackElo "2164"]
[Result "1-0"]
[Round "05"]
[TimeControl "180+1"]
[Date "2022.06.28"]
[WhiteClock "0:00:45"]
[BlackClock "0:00:02"]

1. e4 c5 2. Nc3 Nc6 3. Bb5 g6 4. Bxc6 dxc6 5. f4 Bg7 6. Nf3 Bg4 7. O-O e5 8. d3 Qc7 9. h3 Bxf3 10. Qxf3 f6 11. fxe5 fxe5 12. Bg5 h6 13. Be3 O-O-O 14. Bxc5 Nf6 15. a4 g5 16. a5 Rhf8 17. Bxf8 Rxf8 18. Qf5+ Kb8 19. Qg6 Qe7 20. Kh1 Rg8 21. Qf5 Nh5 22. Kh2 Nf4 23. Qg4 h5 24. Qd1 g4 25. Ne2 gxh3 26. Nxf4 exf4 27. gxh3 Be5 28. Qxh5 f3+ 29. Kh1 Qe6 30. Rxf3 Rh8 31. Qf5 Qe7 32. c3 a6 33. d4 Bg7 34. Raf1 Ka7 35. Qc5+ Qxc5 36. dxc5 Rh4 37. Rf7 Bh6 38. Rh7 Rxh3+ 39. Kg2 Rh5 40. Rff7 Rg5+ 41. Kf3 1-0


[Site "https://www.chess.com"]

[Event "Titled Tuesday Blitz June 28 Early 2022"]
[White "Oparin, Grigoriy"]
[Black "Goltsev, Dmitry"]
[WhiteFideId "24125890"]
[BlackFideId "24176710"]
[WhiteElo "2639"]
[BlackElo "2258"]
[Result "1-0"]
[Round "05"]
[TimeControl "180+1"]
[Date "2022.06.28"]
[WhiteClock "0:00:27"]
[BlackClock "0:00:03"]

1. c4 c5 2. Nf3 Nc6 3. d4 cxd4 4. Nxd4 Nf6 5. Nc3 a6 6. g3 e5 7. Nxc6 dxc6 8. Qc2 Bc5 9. Bg2 O-O 10. O-O Be6 11. Na4 Ba7 12. c5 Nd5 13. a3 f5 14. e4 fxe4 15. Bxe4 Nf6 16. Bg2 Bd5 17. Rd1 Qe7 18. Bg5 Rad8 19. b4 Qe6 20. Nc3 Bb3 21. Qe2 Bxd1 22. Nxd1 h6 23. Bxf6 Qxf6 24. Ne3 e4 25. Rc1 Qd4 26. Rd1 Qc3 27. Rxd8 Rxd8 28. Qa2+ Kh8 29. Bxe4 Rf8 30. Kg2 Bb8 31. Qe2 Qxa3 32. Qg4 Qa2 33. Qg6 Rxf2+ 34. Kg1 Kg8 35. Nf5 Rxf5 36. Bxf5 Qa1+ 37. Kg2 Qb2+ 38. Kh3 Kf8 39. Qe6 Qe5 40. Qc8+ Qe8 41. Qxb7 Be5 42. Qxa6 Kg8 43. Qd3 Qe7 44. Qe4 Qf6 45. Bd7 Bc3 46. Bxc6 g5 47. Bd5+ Kg7 48. b5 Qf2 49. Qe7+ Kg6 50. Qe8+ Kg7 51. Qg8+ Kf6 52. Qf7+ Ke5 53. Qxf2 1-0


[Site "https://www.chess.com"]

[Event "Titled Tuesday Blitz June 28 Early 2022"]
[White "Orlov, Georgi"]
[Black "Skliarov, Viktor"]
[WhiteFideId "2011271"]
[BlackFideId "14106736"]
[WhiteElo "2533"]
[BlackElo "2229"]
[Result "1-0"]
[Round "05"]
[TimeControl "180+1"]
[Date "2022.06.28"]
[WhiteClock "0:00:24"]
[BlackClock "0:00:03"]

1. d4 Nf6 2. Nf3 g6 3. c4 Bg7 4. Nc3 O-O 5. e4 d6 6. Be2 Bg4 7. Be3 Nc6 8. Rc1 Nd7 9. d5 Bxf3 10. gxf3 Nb4 11. a3 Na6 12. h4 h5 13. b4 c5 14. dxc6 bxc6 15. c5 Nc7 16. cxd6 exd6 17. Qxd6 Ne5 18. Qxd8 Rfxd8 19. O-O Nd3 20. Rc2 Ne6 21. Rd1 Ndf4 22. Bc4 Bf6 23. Bxe6 Nxe6 24. Rxd8+ Rxd8 25. Ne2 Rd3 26. a4 Rb3 27. Rxc6 Rxb4 28. Ra6 Bxh4 29. Rxa7 Bd8 30. a5 Rb1+ 31. Kg2 Ra1 32. Bb6 Bxb6 33. axb6 Rxa7 34. bxa7 Nc7 35. Nd4 Kg7 36. e5 Na8 37. f4 Kf8 38. f5 Kg7 39. f6+ Kf8 40. f4 Ke8 41. Kh3 Kd7 42. Kh4 Kc7 43. e6 fxe6 44. f7 Kb7 45. f8=Q Kxa7 46. Nxe6 1-0


[Site "https://www.chess.com"]